 Dungeon Crawl Stone Soup version 0.31-a0-818-ge7c7cf74f0 (webtiles) character file.

Game seed: 2974546144347239346

12 Kurtz the Shield-Bearer (level 2, 21/21 HPs)
             Began as an Octopode Fighter on Sept 23, 2023.
             Was a Follower of Zin.
             Quit the game on level 1 of the Dungeon.
             The game lasted 00:00:15 (174 turns).

Kurtz the Shield-Bearer (Octopode Fighter)           Turns: 174, Time: 00:00:16

Health: 21/21      AC:  1    Str: 15    XL:     2   Next: 33%
Magic:  2/2        EV: 13    Int: 10    God:    Zin [*.....]
Gold:   13         SH:  4    Dex: 11    Spells: 1/1 levels left

rFire   . . .        a - +0 war axe
rCold   . . .        b - +0 buckler
rNeg    . . .        (helmet restricted)
rPois   .            (no amulet)
rElec   .            (no ring)
rCorr   .            (no ring)
SInv    .            (no ring)
Will    .....        (no ring)
Stlth   ++           (no ring)
HPRegen 0.23/turn    (no ring)
MPRegen 0.08/turn    (no ring)
                     (no ring)

%: no passive effects
@: no status effects
A: almost no armour, amphibious, 8 rings, camouflage 1, gelatinous body 1,
(nimble swimmer 1), tentacles
a: Renounce Religion, Recite, Donate Gold


You were on level 1 of the Dungeon.
You worshipped Zin.
Zin was aware of your devotion.
You visited 1 branch of the dungeon, and saw 1 of its levels.

You collected 14 gold pieces.
You donated 1 gold pieces to Zin.

Inventory:

Hand Weapons
 a - a +0 war axe (weapon)
Armour
 b - a +0 buckler (worn)
Potions
 c - a potion of might


   Skills:
 - Level 3.0 Fighting
 * Level 2.9 Axes
 - Level 3.0 Dodging
 - Level 3.0 Shields


You had one spell level left.
You didn't know any spells.
Your spell library was empty.

Dungeon Overview and Level Annotations

Branches:
Dungeon (1/15)

Altars:
Zin


Innate Abilities, Weirdness & Mutations

You cannot wear most types of armour.
You are amphibious.
You can wear up to eight rings at the same time.
Your skin changes colour to match your surroundings (Stealth+).
Your rubbery body absorbs attacks. (AC +1, EV +1)
((You are camouflaged when in or above water. (Stealth+)))
You have tentacles for arms and can constrict up to eight enemies at once.


Message History

Found a mace.
No target in view!
A ball python comes into view.
A ball python is nearby!
A hobgoblin comes into view.
There are monsters nearby!
The ball python bites you. The ball python grabs you.
The ball python constricts you.
There are monsters nearby!
You closely miss the ball python. You grab the ball python.
You constrict the ball python. The ball python bites you.
The ball python constricts you.
You slash the ball python!
You kill the ball python!
A hobgoblin is nearby!
A hobgoblin is nearby!
A giant cockroach comes into view.
The helpless hobgoblin fails to defend itself.
You hit the hobgoblin. Your grab misses the hobgoblin.
You squeeze the hobgoblin.
You kill the hobgoblin!
You see here a hobgoblin corpse.
The giant cockroach closely misses you.
You closely miss the giant cockroach. You grab the giant cockroach.
You constrict the giant cockroach. The giant cockroach misses you.
You barely miss the giant cockroach.
The giant cockroach is moderately wounded.
You constrict the giant cockroach. The giant cockroach barely misses you.
The giant cockroach closely misses you.
You slash the giant cockroach!
You kill the giant cockroach!
Search for what [? for help]? alt You see here a hobgoblin corpse.
There is a faded altar of an unknown god here.
This altar belongs to (a) Ru, (b) Zin or (c) Lugonu, but you can't tell which.
Press the corresponding letter to learn more about a god, or press enter to convert or escape to cancel.
Zin accepts your prayer! Zin welcomes you!
You pay a tithe of 1 gold.
You can now donate money to Zin.
You can now recite Zin's Axioms of Law.
Are you sure you want to abandon this character and quit the game? (Confirm with "yes".)

#### ###############..#
.................#
####..........#.@#
.†.............#.#
.##............#.#
###......†.....#.#
##..........##.#
#####...##...###.#
..####.#########.######
#......)..............#
#####.#########.###...#


There were no monsters in sight!

Vanquished Creatures
  An endoplasm (D:1)
  2 giant cockroaches (D:1)
  2 goblins (D:1)
  3 hobgoblins (D:1)
  A ball python (D:1)
  A rat (D:1)
10 creatures vanquished.

Notes
Turn   | Place    | Note
-------+----------+-------------------------------------------
     0 | D:1      | Kurtz the Octopode Fighter began the quest for the Orb.
     0 | D:1      | Reached XP level 1. HP: 16/16 MP: 1/1
    60 | D:1      | Reached XP level 2. HP: 13/21 MP: 2/2
    99 | D:1      | Found a faded altar of an unknown god.
   173 | D:1      | Prayed at the altar of an unknown god.
   173 | D:1      | Became a worshipper of Zin the Law-Giver
   173 | D:1      | Reached * piety under Zin
   174 | D:1      | Quit the game

Illustrated notes

Levels and vault maps discovered:
D:1:      nzn_arrival_water_spiral, layout_rooms, basic_ecumenical_altar,
          chequers_serial_rivers_large_a

Action                     || total
---------------------------++-------
  Melee: War axe           ||    16
         Constrict         ||     4
         Tentacles         ||     3
   Stab: Sleeping          ||     1
 Armour: Skin              ||     7
  Dodge: Dodged            ||    10
  Block: Buckler           ||     2

Table legend: (Time is in decaauts)
 A = Elapsed time spent in this place.
 B = Non-inter-level travel time spent in this place.
 C = Inter-level travel time spent in this place.
 D = Time resting spent in this place.
 E = Time spent auto-exploring this place.
 F = Levels seen in this place.
 G = Mean time per level.
                   A        B        C        D        E       F      G
               +--------+--------+--------+--------+--------+-----+--------+
         Total |    180 |    164 |     16 |      0 |    111 |   1 |  180.0 |
       Dungeon |    180 |    164 |     16 |      0 |    111 |   1 |  180.0 |
               +--------+--------+--------+--------+--------+-----+--------+

Top non-repeatable levels by time:
     D:1: 180 daAuts
